[ AOE2 MATCH · #467052548 ]
UnrankedAztecs vs Poles
[ REPLAY ANALYSIS · EXTRACTED FROM THE RECORDED GAME ]
Feudal
13:37
Castle
19:09
Imperial
—
| APM avg | 26.3 |
| APM peak | 77 |
| eAPM avg | 16.1 |
| Villagers / military | 114 / 58 |
Focus
⚔️ 25.6% · 🌾 74.4%
Militia ×35 · Jaguar Warrior ×18 · Monk ×3 · Eagle Scout ×2
Feudal
11:02
Castle
15:05
Imperial
31:46
| APM avg | 40.2 |
| APM peak | 64 |
| eAPM avg | 24.3 |
| Villagers / military | 142 / 125 |
Focus
⚔️ 40.3% · 🌾 59.7%
Knight ×84 · Archer ×23 · Monk ×7 · Scout Cavalry ×4 · Trebuchet (Packed) ×3 · Mangonel ×2
Feudal
10:33
Castle
16:06
Imperial
31:04
| APM avg | 36.3 |
| APM peak | 73 |
| eAPM avg | 20.3 |
| Villagers / military | 139 / 133 |
Focus
⚔️ 38.4% · 🌾 61.6%
Spearman ×64 · Hand Cannoneer ×43 · Bombard Cannon ×12 · Hussite Wagon ×11 · Monk ×3
Feudal
11:06
Castle
15:12
Imperial
—
| APM avg | 43.9 |
| APM peak | 77 |
| eAPM avg | 23.2 |
| Villagers / military | 77 / 103 |
Focus
⚔️ 53.7% · 🌾 46.3%
Samurai ×85 · Battering Ram ×16 · Petard ×2
Match map
Initial resources + every placement click. Lines = walls · curves = elevation contours. ◆ gold · ⬟ stone · ● berries · ✦ relic · ◌ wall gap
Your base· ✓ Closed at 19:09 · 0t walls · 3 gate(s)
LVH.SirUja's base· ✓ Closed at 15:05 · 1t walls · 3 gate(s)
Ranchy's base· ✓ Closed at 16:06 · 0t walls · 2 gate(s)
LVH.Spawn Pomelo's base· ✓ Closed at 15:12 · 0t walls · 5 gate(s)
Smoothed initial terrain · ◌ = detected wall gap · hover for details
Inputs per minute
— Rainsborough - - LVH.SirUja
Build order — Rainsborough
First 150 of 300 actions detected
| 0:01 | Create | Villager (Male) |
| 0:01 | Create | Villager (Male) |
| 0:01 | Create | Villager (Male) |
| 0:02 | Create | Villager (Male) |
| 0:03 | Build | House |
| 0:05 | Build | House |
| 1:27 | Create | Villager (Male) |
| 1:51 | Build | Lumber Camp |
| 2:02 | Create | Villager (Male) |
| 2:21 | Create | Villager (Male) |
| 2:54 | Create | Villager (Male) |
| 3:24 | Create | Villager (Male) |
| 3:29 | Build | House |
| 3:31 | Build | House |
| 3:32 | Build | House |
| 3:57 | Create | Villager (Male) |
| 3:57 | Create | Villager (Male) |
| 4:36 | Create | Villager (Male) |
| 4:58 | Build | Mill |
| 5:08 | Create | Villager (Male) |
| 5:35 | Create | Villager (Male) |
| 5:35 | Create | Villager (Male) |
| 6:01 | Create | Villager (Male) |
| 6:41 | Create | Villager (Male) |
| 7:10 | Create | Villager (Male) |
| 7:10 | Create | Villager (Male) |
| 7:16 | Create | Villager (Male) |
| 7:17 | Create | Villager (Male) |
| 7:17 | Create | Villager (Male) |
| 7:22 | Build | Mill |
| 7:29 | Create | Villager (Male) |
| 8:27 | Create | Villager (Male) |
| 8:28 | Create | Villager (Male) |
| 8:35 | Create | Villager (Male) |
| 8:36 | Create | Villager (Male) |
| 8:36 | Create | Villager (Male) |
| 9:24 | Build | Farm |
| 9:25 | Build | Farm |
| 9:26 | Build | Farm |
| 9:28 | Build | Farm |
| 9:29 | Build | Farm |
| 9:30 | Build | Farm |
| 9:52 | Build | Mining Camp |
| 11:25 | Research | Feudal Age |
| 11:31 | Build | Mining Camp |
| 11:37 | Build | House |
| 11:38 | Build | House |
| 11:39 | Build | House |
| 11:45 | Create | Villager (Male) |
| 11:46 | Create | Villager (Male) |
| 11:46 | Research | Loom |
| 13:37 | Age | Feudal Age |
| 14:48 | Build | Barracks |
| 15:10 | Create | Villager (Male) |
| 15:11 | Create | Villager (Male) |
| 15:23 | Build | Market |
| 15:27 | Build | Blacksmith |
| 16:04 | Create | Villager (Male) |
| 16:20 | Research | Castle Age |
| 16:22 | Research | Double-Bit Axe |
| 16:23 | Research | Stone Mining |
| 16:25 | Research | Gold Mining |
| 16:27 | Research | Horse Collar |
| 16:41 | Build | House |
| 17:20 | Build | House |
| 17:27 | Research | Man-at-Arms (upgrade) |
| 17:41 | Build | Barracks |
| 18:11 | Research | Scale Mail Armor |
| 18:27 | Build | House |
| 18:41 | Build | Barracks |
| 18:59 | Build | House |
| 19:03 | Build | Outpost |
| 19:09 | Age | Castle Age |
| 19:09 | Build | House |
| 19:11 | Build | Outpost |
| 19:12 | Build | House |
| 19:15 | Create | Villager (Male) |
| 19:18 | Create | Villager (Male) |
| 19:27 | Create | Villager (Male) |
| 19:42 | Research | Heavy Plow |
| 19:50 | Research | Bow Saw |
| 20:03 | Build | Monastery |
| 20:16 | Create | Villager (Male) |
| 20:44 | Create | Villager (Male) |
| 20:48 | Create | Monk |
| 20:48 | Create | Monk |
| 20:53 | Build | House |
| 20:54 | Build | House |
| 20:56 | Build | House |
| 20:58 | Build | House |
| 21:21 | Create | Monk |
| 21:30 | Research | Squires |
| 21:49 | Create | Villager (Male) |
| 21:53 | Create | Eagle Scout |
| 21:53 | Create | Eagle Scout |
| 21:55 | Create | Villager (Male) |
| 22:01 | Build | Monastery |
| 22:02 | Create | Villager (Male) |
| 22:14 | Build | Castle |
| 22:20 | Build | Town Center |
| 23:04 | Create | Villager (Male) |
| 23:08 | Create | Villager (Male) |
| 23:13 | Build | Town Center |
| 23:26 | Build | House |
| 23:51 | Research | Sanctity |
| 24:02 | Research | Eagle Warrior (upgrade) |
| 24:08 | Build | House |
| 24:11 | Build | House |
| 24:13 | Build | House |
| 24:18 | Build | Farm |
| 24:30 | Create | Jaguar Warrior |
| 24:30 | Create | Jaguar Warrior |
| 24:31 | Create | Jaguar Warrior |
| 24:34 | Build | Barracks |
| 24:43 | Research | Long Swordsman (upgrade) |
| 25:15 | Build | Palisade Gate |
| 25:34 | Create | Jaguar Warrior |
| 25:34 | Create | Jaguar Warrior |
| 25:42 | Create | Militia |
| 25:42 | Create | Militia |
| 25:42 | Create | Militia |
| 25:43 | Create | Militia |
| 25:43 | Create | Militia |
| 25:43 | Create | Militia |
| 26:02 | Create | Militia |
| 26:02 | Create | Militia |
| 26:12 | Build | Castle |
| 26:15 | Create | Villager (Male) |
| 26:25 | Build | Blacksmith |
| 26:26 | Create | Villager (Male) |
| 26:27 | Create | Villager (Male) |
| 26:27 | Create | Villager (Male) |
| 26:44 | Create | Jaguar Warrior |
| 27:35 | Create | Jaguar Warrior |
| 27:41 | Create | Jaguar Warrior |
| 27:41 | Create | Jaguar Warrior |
| 27:43 | Build | Town Center |
| 28:00 | Build | Mining Camp |
| 28:08 | Build | Gate |
| 28:11 | Create | Villager (Male) |
| 28:21 | Create | Villager (Male) |
| 28:29 | Build | Farm |
| 28:53 | Create | Villager (Male) |
| 29:00 | Build | Farm |
| 29:07 | Build | Lumber Camp |
| 29:30 | Create | Villager (Male) |
| 29:40 | Create | Jaguar Warrior |
| 29:49 | Build | Stone Wall |
| 29:58 | Build | Farm |
| 30:12 | Create | Villager (Male) |
Build order — LVH.SirUja
First 150 of 484 actions detected
| 0:01 | Create | Villager (Male) |
| 0:02 | Create | Villager (Male) |
| 0:02 | Create | Villager (Male) |
| 0:03 | Build | Mill |
| 0:05 | Build | House |
| 0:11 | Build | House |
| 0:12 | Create | Villager (Male) |
| 1:19 | Create | Villager (Male) |
| 1:55 | Build | Lumber Camp |
| 2:05 | Create | Villager (Male) |
| 2:28 | Create | Villager (Male) |
| 2:53 | Create | Villager (Male) |
| 2:53 | Create | Villager (Male) |
| 3:15 | Create | Villager (Male) |
| 3:15 | Create | Villager (Male) |
| 3:31 | Create | Villager (Male) |
| 3:54 | Build | Mill |
| 4:03 | Create | Villager (Male) |
| 4:29 | Create | Villager (Male) |
| 4:42 | Create | Villager (Male) |
| 5:09 | Create | Villager (Male) |
| 5:15 | Create | Villager (Male) |
| 5:27 | Build | Mill |
| 5:27 | Create | Villager (Male) |
| 5:27 | Create | Villager (Male) |
| 5:54 | Create | Villager (Male) |
| 6:08 | Create | Villager (Male) |
| 6:14 | Build | Farm |
| 6:15 | Create | Villager (Male) |
| 6:15 | Create | Villager (Male) |
| 6:17 | Build | Farm |
| 6:19 | Create | Villager (Male) |
| 6:20 | Create | Villager (Male) |
| 6:45 | Create | Villager (Male) |
| 7:27 | Build | Farm |
| 8:30 | Create | Villager (Male) |
| 8:47 | Research | Feudal Age |
| 8:55 | Build | Mining Camp |
| 10:06 | Build | Barracks |
| 11:02 | Age | Feudal Age |
| 11:04 | Create | Villager (Male) |
| 11:08 | Build | Market |
| 11:13 | Build | Blacksmith |
| 11:29 | Build | House |
| 11:32 | Research | Town Watch |
| 11:53 | Build | Stable |
| 11:59 | Create | Villager (Male) |
| 12:18 | Create | Spearman |
| 12:25 | Research | Castle Age |
| 12:31 | Build | House |
| 12:32 | Build | Palisade Wall |
| 12:54 | Research | Horse Collar |
| 13:15 | Research | Double-Bit Axe |
| 13:26 | Build | Farm |
| 13:41 | Create | Scout Cavalry |
| 13:56 | Create | Scout Cavalry |
| 14:05 | Build | Farm |
| 14:18 | Create | Villager (Male) |
| 14:20 | Create | Villager (Male) |
| 14:24 | Build | Farm |
| 14:29 | Build | House |
| 14:33 | Build | House |
| 14:40 | Create | Scout Cavalry |
| 15:05 | Age | Castle Age |
| 15:05 | Create | Villager (Male) |
| 15:05 | Create | Villager (Male) |
| 15:13 | Build | Monastery |
| 15:20 | Build | Farm |
| 15:20 | Create | Villager (Male) |
| 15:26 | Research | Bow Saw |
| 15:49 | Create | Villager (Male) |
| 15:59 | Create | Monk |
| 16:03 | Build | House |
| 16:03 | Create | Villager (Male) |
| 16:30 | Build | Farm |
| 16:30 | Create | Villager (Male) |
| 16:37 | Build | House |
| 16:38 | Create | Spearman |
| 17:03 | Create | Villager (Male) |
| 17:12 | Create | Villager (Male) |
| 17:18 | Create | Monk |
| 17:28 | Build | Town Center |
| 17:30 | Create | Villager (Male) |
| 17:31 | Research | Loom |
| 17:34 | Build | Farm |
| 17:55 | Create | Villager (Male) |
| 18:13 | Create | Villager (Male) |
| 18:40 | Create | Villager (Male) |
| 18:50 | Create | Villager (Male) |
| 18:55 | Build | Town Center |
| 19:00 | Build | Mining Camp |
| 19:01 | Create | Villager (Male) |
| 19:01 | Create | Villager (Male) |
| 19:10 | Build | Farm |
| 19:10 | Build | Farm |
| 19:11 | Build | Farm |
| 19:11 | Build | Farm |
| 19:37 | Create | Villager (Male) |
| 19:51 | Build | Siege Workshop |
| 19:51 | Create | Villager (Male) |
| 20:01 | Research | Redemption |
| 20:18 | Create | Villager (Male) |
| 20:22 | Build | Mill |
| 20:22 | Build | Farm |
| 20:22 | Build | Farm |
| 20:23 | Build | Farm |
| 20:23 | Build | Farm |
| 20:23 | Build | Farm |
| 20:24 | Build | Farm |
| 20:24 | Build | Farm |
| 20:24 | Build | Farm |
| 20:25 | Create | Villager (Male) |
| 20:53 | Research | Light Cavalry (upgrade) |
| 21:00 | Build | Farm |
| 21:01 | Build | Farm |
| 21:01 | Build | Farm |
| 21:03 | Build | Farm |
| 21:03 | Build | Farm |
| 21:03 | Build | Farm |
| 21:03 | Build | Farm |
| 21:04 | Build | Farm |
| 21:05 | Create | Villager (Male) |
| 21:10 | Create | Villager (Male) |
| 21:17 | Create | Villager (Male) |
| 21:23 | Build | Farm |
| 21:44 | Create | Villager (Male) |
| 21:46 | Create | Monk |
| 21:47 | Create | Monk |
| 21:51 | Research | Wheelbarrow |
| 22:03 | Create | Villager (Male) |
| 22:07 | Create | Villager (Male) |
| 22:11 | Build | Mill |
| 22:11 | Build | Farm |
| 22:12 | Build | Farm |
| 22:12 | Build | Farm |
| 22:12 | Build | Farm |
| 22:12 | Build | Farm |
| 22:13 | Build | Farm |
| 22:13 | Build | Farm |
| 22:14 | Build | Farm |
| 22:14 | Build | Farm |
| 22:16 | Create | Villager (Male) |
| 22:16 | Create | Villager (Male) |
| 22:39 | Create | Monk |
| 22:44 | Create | Villager (Male) |
| 22:47 | Create | Villager (Male) |
| 22:58 | Create | Villager (Male) |
| 23:00 | Build | Farm |
| 23:00 | Build | Farm |
| 23:02 | Build | Farm |
Build order — Ranchy
First 150 of 330 actions detected
| 0:00 | Create | Villager (Male) |
| 0:02 | Build | House |
| 0:04 | Build | House |
| 0:10 | Create | Villager (Male) |
| 0:21 | Create | Villager (Male) |
| 0:22 | Create | Villager (Male) |
| 1:23 | Create | Villager (Male) |
| 1:23 | Create | Villager (Male) |
| 1:58 | Build | Lumber Camp |
| 2:02 | Create | Villager (Male) |
| 2:02 | Create | Villager (Male) |
| 2:16 | Create | Villager (Male) |
| 2:52 | Create | Villager (Male) |
| 2:53 | Create | Villager (Male) |
| 3:02 | Create | Villager (Male) |
| 3:02 | Create | Villager (Male) |
| 3:36 | Create | Villager (Male) |
| 3:37 | Create | Villager (Male) |
| 4:03 | Create | Villager (Male) |
| 4:05 | Build | House |
| 4:06 | Build | House |
| 4:35 | Research | Loom |
| 4:36 | Create | Villager (Male) |
| 4:36 | Create | Villager (Male) |
| 4:36 | Create | Villager (Male) |
| 4:39 | Create | Villager (Male) |
| 4:54 | Create | Villager (Male) |
| 4:54 | Create | Villager (Male) |
| 5:25 | Create | Villager (Male) |
| 5:25 | Create | Villager (Male) |
| 5:40 | Build | Mill |
| 5:49 | Create | Villager (Male) |
| 5:49 | Create | Villager (Male) |
| 5:49 | Create | Villager (Male) |
| 6:57 | Create | Villager (Male) |
| 7:26 | Create | Villager (Male) |
| 7:38 | Build | Mining Camp |
| 7:44 | Build | Mining Camp |
| 7:58 | Create | Villager (Male) |
| 8:19 | Research | Feudal Age |
| 8:32 | Build | Mining Camp |
| 9:25 | Build | Mill |
| 9:43 | Build | Farm |
| 9:45 | Build | Farm |
| 10:30 | Create | Villager (Male) |
| 10:31 | Build | House |
| 10:33 | Age | Feudal Age |
| 10:55 | Create | Villager (Male) |
| 10:57 | Build | Blacksmith |
| 11:00 | Build | Market |
| 11:03 | Build | Market |
| 11:25 | Create | Villager (Male) |
| 11:45 | Build | House |
| 11:46 | Build | House |
| 11:55 | Create | Villager (Male) |
| 12:05 | Research | Loom |
| 12:07 | Build | Mill |
| 12:31 | Create | Villager (Male) |
| 13:00 | Create | Villager (Male) |
| 13:09 | Create | Villager (Male) |
| 13:26 | Research | Castle Age |
| 15:29 | Build | Barracks |
| 15:32 | Research | Double-Bit Axe |
| 16:01 | Create | Villager (Male) |
| 16:06 | Age | Castle Age |
| 16:08 | Build | Town Center |
| 16:09 | Create | Spearman |
| 16:16 | Research | Bow Saw |
| 16:31 | Build | Castle |
| 16:40 | Create | Villager (Male) |
| 16:49 | Create | Villager (Male) |
| 17:06 | Create | Villager (Male) |
| 17:22 | Create | Villager (Male) |
| 17:26 | Create | Villager (Male) |
| 17:32 | Create | Spearman |
| 17:36 | Create | Spearman |
| 17:40 | Create | Villager (Male) |
| 17:59 | Create | Spearman |
| 18:12 | Build | Monastery |
| 18:15 | Create | Villager (Male) |
| 18:18 | Create | Hussite Wagon |
| 18:23 | Create | Villager (Male) |
| 18:27 | Build | Farm |
| 18:28 | Build | Farm |
| 18:31 | Build | Farm |
| 18:33 | Build | Farm |
| 18:35 | Build | Farm |
| 18:36 | Build | Farm |
| 18:47 | Create | Monk |
| 18:54 | Create | Spearman |
| 19:21 | Create | Hussite Wagon |
| 19:42 | Create | Villager (Male) |
| 19:43 | Create | Villager (Male) |
| 19:44 | Build | Farm |
| 19:47 | Build | Town Center |
| 19:51 | Create | Villager (Male) |
| 19:51 | Create | Villager (Male) |
| 19:55 | Build | Farm |
| 19:56 | Build | Farm |
| 19:58 | Build | Farm |
| 19:59 | Build | Farm |
| 20:03 | Build | Farm |
| 20:24 | Create | Villager (Male) |
| 20:24 | Create | Villager (Male) |
| 20:28 | Build | Farm |
| 20:30 | Build | Farm |
| 20:31 | Build | Farm |
| 20:41 | Create | Villager (Male) |
| 20:41 | Create | Villager (Male) |
| 20:43 | Build | Farm |
| 20:46 | Create | Hussite Wagon |
| 20:55 | Create | Villager (Male) |
| 20:55 | Create | Villager (Male) |
| 21:06 | Create | Monk |
| 21:29 | Create | Villager (Male) |
| 21:29 | Create | Villager (Male) |
| 21:29 | Create | Villager (Male) |
| 21:29 | Create | Villager (Male) |
| 21:32 | Build | Farm |
| 21:32 | Build | Farm |
| 21:32 | Build | Farm |
| 21:33 | Build | Farm |
| 21:33 | Build | Farm |
| 21:45 | Create | Villager (Male) |
| 21:45 | Create | Villager (Male) |
| 22:03 | Create | Monk |
| 22:06 | Create | Villager (Male) |
| 22:06 | Create | Villager (Male) |
| 22:06 | Create | Villager (Male) |
| 22:06 | Create | Villager (Male) |
| 22:10 | Build | Mill |
| 22:11 | Build | Farm |
| 22:11 | Build | Farm |
| 22:12 | Build | Farm |
| 22:12 | Build | Farm |
| 22:12 | Build | Farm |
| 22:12 | Build | Farm |
| 22:13 | Build | Farm |
| 22:13 | Build | Farm |
| 22:14 | Create | Villager (Male) |
| 22:14 | Create | Villager (Male) |
| 22:25 | Create | Villager (Male) |
| 22:25 | Create | Villager (Male) |
| 22:36 | Create | Villager (Male) |
| 22:36 | Create | Villager (Male) |
| 22:39 | Build | Farm |
| 22:44 | Build | Farm |
| 22:45 | Create | Villager (Male) |
| 22:45 | Create | Villager (Male) |
| 22:45 | Create | Villager (Male) |
Build order — LVH.Spawn Pomelo
First 150 of 296 actions detected
| 0:01 | Create | Villager (Male) |
| 0:02 | Create | Villager (Male) |
| 0:03 | Build | House |
| 0:04 | Build | House |
| 0:36 | Create | Villager (Male) |
| 0:37 | Create | Villager (Male) |
| 1:31 | Create | Villager (Male) |
| 1:48 | Build | Lumber Camp |
| 1:52 | Create | Villager (Male) |
| 2:27 | Create | Villager (Male) |
| 2:44 | Create | Villager (Male) |
| 2:56 | Create | Villager (Male) |
| 3:28 | Build | House |
| 3:36 | Create | Villager (Male) |
| 3:55 | Create | Villager (Male) |
| 4:23 | Create | Villager (Male) |
| 4:49 | Build | Palisade Gate |
| 4:55 | Build | Palisade Gate |
| 5:07 | Build | Palisade Gate |
| 5:17 | Create | Villager (Male) |
| 5:25 | Create | Villager (Male) |
| 5:37 | Build | House |
| 5:57 | Create | Villager (Male) |
| 6:13 | Create | Villager (Male) |
| 6:58 | Create | Villager (Male) |
| 6:58 | Create | Villager (Male) |
| 7:48 | Create | Villager (Male) |
| 7:55 | Build | Mill |
| 8:11 | Create | Villager (Male) |
| 8:56 | Research | Feudal Age |
| 9:09 | Build | Mining Camp |
| 9:37 | Build | Farm |
| 9:37 | Build | Farm |
| 9:37 | Build | Farm |
| 9:37 | Build | Farm |
| 10:09 | Build | Lumber Camp |
| 10:37 | Build | House |
| 11:06 | Age | Feudal Age |
| 11:12 | Create | Villager (Male) |
| 11:21 | Build | Market |
| 11:34 | Build | Blacksmith |
| 11:44 | Build | Farm |
| 11:45 | Create | Villager (Male) |
| 12:00 | Build | Farm |
| 12:02 | Build | Farm |
| 12:06 | Build | Farm |
| 12:32 | Research | Castle Age |
| 12:33 | Research | Castle Age |
| 12:39 | Build | Mining Camp |
| 13:07 | Research | Double-Bit Axe |
| 13:08 | Research | Double-Bit Axe |
| 13:39 | Research | Stone Mining |
| 14:15 | Research | Horse Collar |
| 14:46 | Create | Villager (Male) |
| 15:09 | Create | Villager (Male) |
| 15:12 | Age | Castle Age |
| 15:36 | Build | Siege Workshop |
| 15:51 | Create | Villager (Male) |
| 15:59 | Build | House |
| 16:23 | Research | Bow Saw |
| 16:27 | Create | Villager (Male) |
| 16:36 | Build | House |
| 16:47 | Research | Gold Mining |
| 16:48 | Create | Villager (Male) |
| 17:42 | Research | Loom |
| 17:43 | Create | Villager (Male) |
| 17:45 | Create | Battering Ram |
| 17:59 | Build | Castle |
| 18:10 | Create | Villager (Male) |
| 18:12 | Create | Battering Ram |
| 18:54 | Research | Forging |
| 18:55 | Create | Villager (Male) |
| 19:03 | Create | Battering Ram |
| 19:12 | Create | Samurai |
| 19:16 | Build | Farm |
| 19:22 | Create | Villager (Male) |
| 19:33 | Create | Samurai |
| 19:36 | Create | Samurai |
| 19:47 | Create | Battering Ram |
| 19:49 | Create | Samurai |
| 19:56 | Build | Farm |
| 20:02 | Create | Samurai |
| 20:05 | Create | Villager (Male) |
| 20:05 | Create | Villager (Male) |
| 20:05 | Create | Villager (Male) |
| 20:09 | Build | Farm |
| 20:26 | Create | Villager (Male) |
| 20:31 | Create | Battering Ram |
| 20:39 | Create | Samurai |
| 20:50 | Create | Samurai |
| 20:56 | Build | Farm |
| 20:57 | Build | Farm |
| 21:09 | Build | Farm |
| 21:10 | Create | Samurai |
| 21:19 | Build | Farm |
| 21:32 | Research | Scale Mail Armor |
| 21:55 | Create | Samurai |
| 22:05 | Create | Samurai |
| 22:15 | Create | Petard |
| 22:16 | Create | Petard |
| 22:22 | Create | Villager (Male) |
| 22:32 | Create | Samurai |
| 22:39 | Build | Farm |
| 22:43 | Build | Farm |
| 22:43 | Build | Farm |
| 22:43 | Build | Farm |
| 22:52 | Create | Battering Ram |
| 22:56 | Create | Samurai |
| 23:13 | Create | Samurai |
| 23:25 | Create | Samurai |
| 23:35 | Build | Farm |
| 23:37 | Create | Samurai |
| 24:02 | Create | Battering Ram |
| 24:05 | Create | Samurai |
| 24:06 | Create | Samurai |
| 24:09 | Build | House |
| 24:10 | Build | House |
| 24:18 | Research | Chain Mail Armor |
| 24:35 | Create | Battering Ram |
| 24:38 | Create | Samurai |
| 24:38 | Create | Samurai |
| 24:57 | Create | Samurai |
| 24:58 | Create | Samurai |
| 24:58 | Create | Samurai |
| 25:19 | Create | Samurai |
| 25:19 | Create | Samurai |
| 25:34 | Create | Samurai |
| 25:34 | Create | Samurai |
| 25:57 | Create | Samurai |
| 25:57 | Create | Samurai |
| 25:57 | Create | Samurai |
| 25:59 | Create | Villager (Male) |
| 26:02 | Build | Farm |
| 26:02 | Build | Farm |
| 26:03 | Build | Farm |
| 26:03 | Build | Farm |
| 26:03 | Build | Farm |
| 26:06 | Build | House |
| 26:12 | Create | Samurai |
| 26:12 | Create | Samurai |
| 26:13 | Create | Samurai |
| 26:32 | Create | Samurai |
| 26:32 | Create | Samurai |
| 26:32 | Create | Samurai |
| 26:32 | Create | Samurai |
| 27:01 | Create | Samurai |
| 27:01 | Create | Samurai |
| 27:11 | Create | Samurai |
| 27:11 | Create | Samurai |
| 27:11 | Create | Samurai |
Match timeline
| 10:06 | LVH.SirUja · first_building Barracks |
| 10:33 | Ranchy · age_up feudal |
| 11:02 | LVH.SirUja · age_up feudal |
| 11:06 | LVH.Spawn Pomelo · age_up feudal |
| 11:53 | LVH.SirUja · first_building Stable |
| 12:32 | LVH.SirUja · wall_segment Palisade Wall x1 |
| 13:17 | Ranchy · first_market_sell 100 wood |
| 13:18 | Ranchy · first_market_buy 100 food |
| 13:37 | Rainsborough · age_up feudal |
| 14:48 | Rainsborough · first_building Barracks |
| 15:05 | LVH.SirUja · age_up castle |
| 15:12 | LVH.Spawn Pomelo · age_up castle |
| 15:13 | LVH.SirUja · first_building Monastery |
| 15:29 | Ranchy · first_building Barracks |
| 15:36 | LVH.Spawn Pomelo · first_building Siege Workshop |
| 16:06 | Ranchy · age_up castle |
| 16:31 | Ranchy · first_building Castle |
| 17:59 | LVH.Spawn Pomelo · first_building Castle |
| 18:12 | Ranchy · first_building Monastery |
| 19:09 | Rainsborough · age_up castle |
| 19:51 | LVH.SirUja · first_building Siege Workshop |
| 20:03 | Rainsborough · first_building Monastery |
| 22:14 | Rainsborough · first_building Castle |
| 24:26 | Rainsborough · first_market_buy 100 food |
| 27:38 | Rainsborough · first_market_sell 100 wood |
| 28:25 | Ranchy · first_building Archery Range |
| 28:32 | Ranchy · first_building Siege Workshop |
| 28:35 | LVH.SirUja · first_market_sell 100 food |
| 28:42 | LVH.SirUja · tribute_sent a jugador 2 |
| 28:42 | LVH.SirUja · tribute_sent a jugador 3 |
| 28:42 | LVH.SirUja · tribute_sent a jugador 4 |
| 28:51 | LVH.SirUja · tribute_sent a jugador 2 |
| 28:51 | LVH.SirUja · tribute_sent a jugador 3 |
| 28:51 | LVH.SirUja · tribute_sent a jugador 4 |
| 28:54 | LVH.Spawn Pomelo · first_market_sell 100 wood |
| 29:35 | LVH.SirUja · first_building Castle |
| 29:49 | Rainsborough · wall_segment Stone Wall x1 |
| 31:04 | Ranchy · age_up imperial |
| 31:46 | LVH.SirUja · age_up imperial |
| 32:19 | LVH.SirUja · wall_segment Stone Wall x1 |
| 36:38 | LVH.SirUja · first_building Archery Range |
| 36:56 | Ranchy · wall_segment Stone Wall x2 |
| 37:01 | Ranchy · wall_segment Stone Wall x3 |
| 37:35 | LVH.SirUja · first_market_buy 100 wood |
| 39:45 | Ranchy · resign |
[ AI ANALYSIS · 1 CREDIT ]
What really happened in this match?
Wolo.gg analyzes every decision: build order, eco, micro, common mistakes by bracket. Personalized analysis on WhatsApp or Discord in 30 seconds.
Civ guide
Aztecs
Perfil
Jugador #866836